 Dungeon Crawl Stone Soup version 0.21-a0-513-gdcb3f5e (webtiles) character file.

949 Firecrotchwizard the Spear-Bearer (level 8, -4/94 HPs)
             Began as a Merfolk Berserker on Dec 3, 2017.
             Was a Priest of Trog.
             Slain by an orc warrior
             ... wielding a +0 trident
              (9 damage)
             ... on level 6 of the Dungeon.
             The game lasted 00:10:37 (5616 turns).

Firecrotchwizard the Spear-Bearer (MfBe)            Turns: 5616, Time: 00:10:37

Health: -4/94      AC: 13    Str: 22    XL:     8   Next: 13%
Magic:  2/2        EV: 11    Int:  6    God:    Trog [***...]
Gold:   278        SH:  0    Dex: 16    Spells: 7/7 levels left

rFire    . . .     SeeInvis .   f - +3 spear (antimagic)
rCold    . . .     Gourm    .   (no shield)
rNeg     . . .     Faith    .   m - +0 chain mail (curse)
rPois    .         Spirit   .   (no helmet)
rElec    .         Reflect  .   (no cloak)
rCorr    .         Harm     .   (no gloves)
MR       .....                  (no boots)
Stlth    ..........             (no amulet)
HPRegen  0.25/turn              y - +4 ring of protection
MPRegen  0.08/turn              (no ring)

@: berserking, very quick
A: change form in water, swift swim, stealthy swim
a: Berserk, Trog's Hand, Burn Spellbooks, Renounce Religion


You were on level 6 of the Dungeon.
You worshipped Trog.
Trog was most pleased with you.
You were not hungry.

You visited 1 branch of the dungeon, and saw 6 of its levels.

You collected 278 gold pieces.

Inventory:

Hand Weapons
 a - a +1 spear
 b - a +0 antimagic whip
   (You took it off a kobold on level 5 of the Dungeon)
 f - a +3 antimagic spear (weapon)
   (You took it off an orc on level 5 of the Dungeon)
Missiles
 g - a throwing net {=f, !d}
Armour
 m - a cursed +0 chain mail (worn)
   (You found it on level 2 of the Dungeon)
 s - a +1 ring mail
   (You found it on level 1 of the Dungeon)
Jewellery
 y - a +4 ring of protection (left hand)
   (You found it on level 3 of the Dungeon)
Wands
 u - a wand of disintegration (8)
   (You found it on level 6 of the Dungeon)
 w - a wand of random effects (43)
   (You found it on level 3 of the Dungeon)
 A - a wand of paralysis (9)
   (You found it on level 4 of the Dungeon)
Scrolls
 h - 6 scrolls of identify
 k - a scroll of fear
 n - 3 scrolls of remove curse
 t - 2 scrolls of noise {!r}
Potions
 d - a potion of degeneration {unknown}
 e - a potion of agility {unknown}
 l - a potion of mutation {unknown}
 o - 2 potions of might {unknown}
 p - 2 potions of heal wounds {unknown}
 r - a potion of berserk rage {unknown}
 x - a potion of invisibility {unknown}
 C - a potion of cancellation {unknown}
Comestibles
 c - 5 bread rations {@e1}
 j - 4 chunks of flesh {@w0}
 q - 2 meat rations {@e2}


   Skills:
 + Level 5.5 Fighting
 * Level 9.3 Polearms
 + Level 3.2 Armour
 + Level 5.9 Dodging


You had 7 spell levels left.
You didn't know any spells.

Dungeon Overview and Level Annotations

Branches:
Dungeon (6/15)             Temple (0/1) D:4

Altars:
Elyvilon
Gozag
Hepliaklqana
Okawaru
Qazlal
Ru
Sif Muna
Trog
Xom
The Shining One

Annotations:
D:4 bzaaaaa's ghost, amateur MiFi


Message History

Deactivating autopickup; reactivate with Ctrl-A.
The orc wizard casts a spell at you. The puff of flame misses you.
Found a stone staircase leading down.
There is an open door here.
You take 6 damage, and have 46/63 hp.
You hit the orc wizard.
The orc wizard's magic leaks into the air.
You feel sick. The orc wizard barely misses you.
The orc warrior hits you with a trident!
You take 13 damage, and have 33/63 hp.
MASSIVE DAMAGE!!
You hit the orc wizard.
You kill the orc wizard!
Trog accepts your kill.
Trog appreciates your killing of a magic user.
You feel sick.
Attack whom?
You reach to attack!
You hit something. The orc wizard casts a spell at you.
The puff of flame misses you.
The orc warrior hits you but does no damage.
There isn't anything here!
Attack whom?
Okay, then.
You feel sick.
The orc warrior hits you with a trident!
You take 10 damage, and have 24/63 hp.
You miss something. Something hits you.
A howler monkey comes into view.
You take 1 damage, and have 23/63 hp.
The howler monkey howls!
You puncture something!
You feel sick.
The orc warrior hits you but does no damage.
You take 1 damage, and have 22/63 hp.
You hit something but do no damage. Something hits you.
The orc warrior hits you with a trident.
You take 3 damage, and have 19/63 hp.
You hit something.
You feel sick.
You miss something.
The orc warrior hits you with a trident!
* * * LOW HITPOINT WARNING * * *
You take 11 damage, and have 8/63 hp.
Attack whom?
Aim: an orc warrior, wielding a trident and wearing a plate armour (moderately wounded)
Okay, then.
You feel better.
You feel the effects of Trog's Hand fading.
The orc warrior hits you but does no damage.
You regained 11 hp, and now have 19/63 hp.
You feel better. Something hits you but does no damage.
The orc warrior barely misses you.
You regained 12 hp, and now have 31/63 hp.
You hit something. Trog accepts your kill.
Trog appreciates your killing of a magic user.
Reactivating autopickup.
You feel a bit more experienced.
You hit the orc warrior but do no damage.
The orc warrior hits you with a trident.
You puncture the orc warrior! The howler monkey hits you.
You take 1 damage, and have 31/63 hp.
You completely miss the orc warrior.
The orc warrior hits you with a trident!
The howler monkey hoots and howls with incredible vigour!
You take 11 damage, and have 20/63 hp.
You hit the orc warrior but do no damage.
The orc warrior hits you with a trident!!
* * * LOW HITPOINT WARNING * * *
You take 19 damage, and have 1/63 hp.
MASSIVE DAMAGE!!
You feel better.
Your skin stops crawling.
You feel less resistant to hostile enchantments.
The howler monkey hits you but does no damage. x2
You regained 9 hp, and now have 10/63 hp.
A red film seems to cover your vision as you go berserk!
You feel yourself moving faster!
You feel mighty!
You feel a lot more hungry. The orc warrior barely misses you.
The howler monkey barely misses you.
You now have 15/94 hp.
You puncture the howler monkey!
The orc warrior hits you with a trident.
* * * LOW HITPOINT WARNING * * *
You take 3 damage, and have 12/94 hp.
You completely miss the howler monkey.
The howler monkey hoots and howls with incredible vigour!
You puncture the howler monkey!
You kill the howler monkey!
Trog accepts your kill.
You hit the orc warrior.
The orc warrior hits you but does no damage.
You barely miss the orc warrior. You hit the orc warrior.
The orc warrior hits you with a trident!
* * * LOW HITPOINT WARNING * * *
You take 7 damage, and have 5/94 hp.
You hit the orc warrior but do no damage.
You hit the orc warrior.
The orc warrior hits you with a trident!
You die...

###+#####..####......#
..............#......#
.............#......#
.............#......#
##...#.#....#......#
##.....#....#......#
#......#....#......#
#......#....+..>...#
#..@o..#....#
####o###....#
.......).# ....#
........[# ...o.....#
.........# .........#
.........# .........#


You could see an orc warrior and an orc wizard.

Vanquished Creatures
  An ice beast (D:5)
  An eye of draining (D:5)
  An ogre (D:5)
  A centaur (D:5)
  Blork the orc (D:5)
  A howler monkey (D:6)
  A crimson imp (D:5)
  A bullfrog skeleton (D:5)
  An orc priest (D:4)
  2 hounds
  3 worker ants
  2 iguanas (D:4)
  2 orc wizards (D:6)
  8 adders
  An adder zombie (D:5)
  2 worms (D:2)
  3 dart slugs (D:1)
  6 leopard geckos
  9 orcs
  3 giant cockroaches
  7 goblins
  7 hobgoblins
  4 jackals
  A quokka (D:3)
  4 ball pythons
  A ball python skeleton (D:4)
  5 bats
  3 frilled lizards
  7 kobolds
  6 rats
95 creatures vanquished.

Vanquished Creatures (others)
  A plant (D:4)
1 creature vanquished.

Grand Total: 96 creatures vanquished

Notes
Turn   | Place    | Note
-------+----------+-------------------------------------------
     0 | D:1      | Firecrotchwizard the Merfolk Berserker began the quest for the Orb.
     0 | D:1      | Reached XP level 1. HP: 18/18 MP: 1/1
    98 | D:1      | Reached XP level 2. HP: 24/24 MP: 2/2
   134 | D:1      | Reached skill level 3 in Dodging
   547 | D:1      | Reached skill level 5 in Polearms
   576 | D:1      | Reached XP level 3. HP: 14/29 MP: 3/3
  1012 | D:2      | Reached ** piety under Trog
  1086 | D:2      | Reached XP level 4. HP: 28/37 MP: 4/4
  1806 | D:2      | Reached skill level 2 in Armour
  1979 | D:2      | Reached skill level 6 in Polearms
  2102 | D:2      | Found a sacrificial altar of Ru.
  2103 | D:2      | Found an opulent altar of Gozag.
  2218 | D:3      | Found a hazy altar of Hepliaklqana.
  2349 | D:3      | Reached skill level 4 in Fighting
  2349 | D:3      | Reached XP level 5. HP: 37/42 MP: 5/5
  2802 | D:3      | Reached skill level 4 in Dodging
  3407 | D:4      | Reached XP level 6. HP: 48/49 MP: 6/6
  3421 | D:4      | Found a staircase to the Ecumenical Temple.
  3472 | D:4      | Reached skill level 7 in Polearms
  3603 | D:4      | Found a deep blue altar of Sif Muna.
  3605 | D:4      | Found a white marble altar of Elyvilon.
  3714 | D:4      | Noticed bzaaaaa's ghost (amateur MiFi)
  3763 | D:5      | Entered Level 5 of the Dungeon
  3866 | D:5      | Reached *** piety under Trog
  4170 | D:5      | Noticed Blork the orc
  4190 | D:5      | Killed Blork the orc
  4190 | D:5      | Reached skill level 5 in Dodging
  4190 | D:5      | Reached XP level 7. HP: 43/55 MP: 7/7
  4288 | D:5      | Found a glowing golden altar of the Shining One.
  4326 | D:5      | Reached skill level 8 in Polearms
  4373 | D:5      | Reached skill level 5 in Fighting
  4546 | D:5      | Found a shimmering altar of Xom.
  4586 | D:5      | HP: 10/84 [ice beast (12)]
  4877 | D:5      | Reached skill level 3 in Armour
  5167 | D:5      | Found a bloodstained altar of Trog.
  5330 | D:5      | Found a stormy altar of Qazlal.
  5331 | D:5      | Noticed a fire elemental
  5331 | D:5      | Noticed an air elemental
  5331 | D:5      | Noticed a water elemental
  5397 | D:5      | Reached skill level 9 in Polearms
  5397 | D:5      | Reached XP level 8. HP: 63/63 MP: 2/8
  5539 | D:6      | Found an iron altar of Okawaru.
  5599 | D:6      | HP: 8/63 [orc warrior/trident (12)]
  5606 | D:6      | HP: 1/63 [orc warrior/trident (20)]
  5614 | D:6      | HP: 5/94 [orc warrior/trident (7)]
  5616 | D:6      | Slain by an orc warrior

Vault maps used:
D:1:      lightli_arrival_chessboard
D:2:      gammafunk_temple_overflow_statue
D:3:      nicolae_overflow_crystal_walls, minmay_cupped
D:4:      minitemple, minmay_temple_entry_butterflies, first_bread,
          chequers_big_river
D:5:      xom_teletrap_fun, nicolae_qazlal_style_of_elements, basic_altar,
          trog_eyes_of_draining, uniq_blork_the_orc
D:6:      okawaru_gym_becter, nicolae_ossuary_entry_ruins

Skill      XL: |  1  2  3  4  5  6  7 |
---------------+----------------------+-----
Dodging        | 3 4 5 |  5.9
Polearms       | 5 6 7 9 |  9.3
Armour         | 2 3 |  3.2
Fighting       | 4 5 |  5.5

Action                   |  1- 3 |  4- 6 |  7- 9 || total
-------------------------+-------+-------+-------++-------
Melee: Spear             |   138 |   315 |   161 ||   614
Invok: Berserk           |       |     2 |     3 ||     5
       Trog's Hand       |       |     1 |     1 ||     2
  Use: Scroll            |       |       |    11 ||    11
       Potion            |       |       |     4 ||     4
  Eat: Chunk             |     1 |    11 |     1 ||    13
       Royal jelly       |       |       |     2 ||     2
       Meat ration       |       |       |     1 ||     1
Armor: Animal skin       |     9 |       |       ||     9
       Scale mail        |    12 |     1 |       ||    13
       Ring mail         |       |    58 |    16 ||    74
       Chain mail        |       |       |     8 ||     8
Dodge: Dodged            |    53 |   136 |    51 ||   240

Table legend:
 A = Spawn XP
 B = Non-spawn XP
 C = Spawn XP percentage of total XP
 D = Spawn monster count
 E = Non-spawn monster count
 F = Spawn count percentage of total count
 G = Total turns spent on level
                    A         B        C        D         E        F      G
               +---------+---------+-------+---------+---------+-------+---------
         Total |       0 |    1356 |   0.0 |       0 |      95 |   0.0 |  5616
               +---------+---------+-------+---------+---------+-------+---------
           D:1 |       0 |      43 |   0.0 |       0 |      22 |   0.0 |   921
           D:2 |       0 |     107 |   0.0 |       0 |      24 |   0.0 |  1278
           D:3 |       0 |      49 |   0.0 |       0 |      12 |   0.0 |   739
           D:4 |       0 |     218 |   0.0 |       0 |      17 |   0.0 |   825
           D:5 |       0 |     822 |   0.0 |       0 |      17 |   0.0 |  1764
           D:6 |       0 |     117 |   0.0 |       0 |       3 |   0.0 |    89
               +---------+---------+-------+---------+---------+-------+---------

Vault maps used:
D:1:      lightli_arrival_chessboard
D:2:      gammafunk_temple_overflow_statue
D:3:      nicolae_overflow_crystal_walls, minmay_cupped
D:4:      minitemple, minmay_temple_entry_butterflies, first_bread,
          chequers_big_river
D:5:      xom_teletrap_fun, nicolae_qazlal_style_of_elements, basic_altar,
          trog_eyes_of_draining, uniq_blork_the_orc
D:6:      okawaru_gym_becter, nicolae_ossuary_entry_ruins

Table legend:
 A = Turns spent in this place as a percentage of turns spent in the entire game.
 B = Non-inter-level travel turns spent in this place as a percentage of non-inter-level travel turns spent in the entire game.
 C = Inter-level travel turns spent in this place as a percentage of turns spent in this place.
 D = Turns resting spent in this place as a percentage of non-inter-level travel turns spent in this place.
 E = Turns spent auto-exploring this place as a percentage of non-inter-level travel turns spent in this place.
 F = Non-inter-level travel turns spent in this place divided by the number of levels of this place that you've seen.
                   A       B       C       D       E      F
               +-------+-------+-------+-------+-------+----------------------
         Total | 100.0 | 100.0 |   3.3 |  35.6 |  46.1 | 905.5
       Dungeon | 100.0 | 100.0 |   3.3 |  35.6 |  46.1 | 905.5
               +-------+-------+-------+-------+-------+----------------------

Table legend:
 A = Kills in this place as a percentage of kills in entire the game.
 B = Kills by you in this place as a percentage of kills by you in the entire game.
 C = Kills by friends in this place as a percentage of kills by friends in the entire game.
 D = Other kills in this place as a percentage of other kills in the entire game.
 E = Experience gained in this place as a percentage of experience gained in the entire game.
 F = Experience gained in this place divided by the number of levels of this place that you have seen.
                   A       B       C       D       E      F
               +-------+-------+-------+-------+-------+----------------------
         Total | 100.0 | 100.0 |   N/A |   N/A | 100.0 | 226.0
       Dungeon | 100.0 | 100.0 |   N/A |   N/A | 100.0 | 226.0
               +-------+-------+-------+-------+-------+----------------------
